cohdb
Replays
Latest Replays
All Replays
Popular Replays
Top Player Replays
Match Explorer
How It Works
Community
CoH3 Stats
Reddit
Sign in to upload your games and track your stats! →
Sign in with Steam
Match 42722759
Unlisted
Match 42722759
Overview
Messages
Build Orders
End
Selects Special Operations Battlegroup
Selects M29 Weasel Recon Vehicle
Construct Weapon Support Center
Construct Barracks
M29 Weasel Recon Vehicle
Riflemen Squad
M1 Mortar Team
Riflemen Squad
Air Support Center
Grasshopper Recon Run
P-47 Strafing Run
M1918 Browning Automatic Rifles
Riflemen Squad
Construct Weapon Support Center
Selects Mark Vehicle
M3 Armored Personnel Carrier
Mark Vehicle
Construct Medical Station
M3 Armored Personnel Carrier
Grasshopper Recon Run
P-47 Strafing Run
M1919 Machine Gun Team
Grasshopper Recon Run
Construct Motor Pool
P-47 Strafing Run
Grenade Package
M1 Anti-tank Gun Team
Selects M4A1 Sherman Whizbang
P-47 Strafing Run
M4A1 Sherman Whizbang
Grasshopper Recon Run
Chimaera _♧_♤
ManFrau
Logan5
kapoc849
0
0
Comments
sign in to comment!
No comments posted yet!